 Dungeon Crawl Stone Soup version 0.21.1-35-gfefc1aa2bb (webtiles) character file.

11885 Arth the Carver (level 11, -7/89 HPs)
             Began as a Demonspawn Gladiator on Aug 1, 2018.
             Was a Priest of Okawaru.
             Mangled by an orc warrior
             ... wielding a +0 morningstar
              (17 damage)
             ... on level 12 of the Dungeon.
             The game lasted 00:47:25 (11347 turns).

Arth the Carver (Demonspawn Gladiator)             Turns: 11347, Time: 00:47:25

Health: -7/89      AC: 22    Str: 23    XL:     11   Next: 55%
Magic:  12/14      EV: 15    Int: 12    God:    Okawaru [***...]
Gold:   550        SH:  2    Dex: 16    Spells: 10/10 levels left

rFire    + . .     SeeInvis .   p - +0 great sword
rCold    x . .     Gourm    .   (shield currently unavailable)
rNeg     . . .     Faith    .   q - +1 plate armour
rPois    .         Spirit   .   (helmet restricted)
rElec    .         Reflect  +   (no cloak)
rCorr    .         Harm     .   L - +1 pair of gloves {archery}
MR       .....                  x - +0 pair of boots
Stlth    ..........             v - +2 amulet of reflection
HPRegen  0.24/turn              o - ring of fire
MPRegen  0.14/turn              I - +3 ring of evasion

@: mighty, heroism
A: horns 2, icy blue scales 1, agile 1, clever 1, demonic guardian 1, spiny 1
a: Heroism, Renounce Religion


You were on level 12 of the Dungeon.
You worshipped Okawaru.
Okawaru was most pleased with you.
You were not hungry.

You visited 3 branches of the dungeon, and saw 14 of its levels.
You also visited: Bailey.

You collected 680 gold pieces.
You spent 130 gold pieces at shops.

Inventory:

Hand Weapons
 m - a +4 trident
 p - a +0 great sword (weapon)
 r - a +2 mace of crushing
 G - a +1 shortbow of flaming
Missiles
 g - 5 silver javelins
 u - 6 throwing nets
 H - 54 arrows
 K - 27 tomahawks of returning (quivered)
Armour
 i - a +0 pair of gloves of dexterity
 q - a +1 plate armour (worn)
 x - a +0 pair of boots (worn)
 L - a +1 pair of gloves of archery (worn)
Jewellery
 o - a ring of fire (left hand)
 v - a +2 amulet of reflection (around neck)
 E - an uncursed ring of fire
 I - a +3 ring of evasion (right hand)
 O - an uncursed amulet of regeneration {unknown}
Wands
 b - a wand of flame (58)
 c - a wand of polymorph (15)
 t - a wand of random effects (35)
 z - a wand of paralysis (27)
 A - a wand of acid (8)
 C - a wand of clouds (7)
Scrolls
 h - 5 scrolls of remove curse
 k - 2 scrolls of magic mapping
 n - a scroll of enchant weapon
 s - 4 scrolls of teleportation
 y - a scroll of blinking
 J - a scroll of random uselessness {unknown}
Potions
 a - a potion of magic
 e - a potion of lignification
 j - 3 potions of agility {unknown}
 l - 3 potions of curing
 B - a potion of cancellation
Books
 d - a book of Minor Magic

   Spells                             Type                      Level
   a - Magic Dart                     Conjuration                  1
   b - Blink                          Translocation                2
   c - Call Imp                       Summoning                    2
   d - Slow                           Hexes                        2
   e - Conjure Flame                  Conjuration/Fire             3
   f - Mephitic Cloud                 Conjuration/Poison/Air       3
 D - a book of Unlife

   Spells                             Type                      Level
   a - Recall                         Summoning/Translocation      3
   b - Animate Dead                   Necromancy                   4
   c - Borgnjor's Vile Clutch         Necromancy/Earth             5
   d - Death Channel                  Necromancy                   6
   e - Simulacrum                     Ice/Necromancy               6
Comestibles
 f - 22 rations
 w - 7 chunks of flesh


   Skills:
 + Level 9.4(14.4) Fighting
 * Level 12.5(17.5) Long Blades
 - Level 2.0(7.0) Throwing
 + Level 6.8(11.8) Armour
 - Level 2.8(7.8) Dodging
 * Level 4.9 Invocations


You had 10 spell levels left.
You didn't know any spells.

Dungeon Overview and Level Annotations

Branches:
Dungeon (12/15)            Temple (1/1) D:4            Lair (0/6) D:8
    Orc (1/2) D:12

Altars:
Ashenzari
Cheibriados
Dithmenos
Elyvilon
Fedhas
Gozag
Hepliaklqana
Kikubaaqudgha
Makhleb
Nemelex Xobeh
Okawaru
Qazlal
Ru
Sif Muna
Trog
Uskayaw
Vehumet
Wu Jian
Xom
Yredelemnul
Zin
The Shining One

Shops:
D:5 !   D:12 [

Annotations:
Orc:1 Fannar


Innate Abilities, Weirdness & Mutations

You have a pair of horns on your head.
You are partially covered in icy blue scales. (AC +2)
A weak demonic guardian rushes to your aid.
You are partially covered in sharp spines.
You are agile. (Dex +2)
Your mind is acute. (Int +2)


Message History

The orc warrior barely misses you.
The orc knight hits you but does no damage.
The orc warrior is struck by your spines.
The orc warrior closely misses you.
You feel better. The orc warrior misses you. The orc warrior barely misses you.
You feel better.
The orc knight is struck by your spines.
The orc knight hits you with an enchanted war axe!!
* * * LOW HITPOINT WARNING * * *
The orc warrior completely misses you. The orc warrior barely misses you.
The orc warrior is struck by your spines.
The orc warrior hits you with a hand axe of freezing.
* * * LOW HITPOINT WARNING * * *
The orc warrior freezes you.
* * * LOW HITPOINT WARNING * * *
The orc warrior misses you. The orc warrior closely misses you.
You see here a giant spiked club.
The orc warrior is struck by your spines.
The orc warrior hits you with a morningstar!
You die...

#.....### #...#...#########
##................
#.....#.#...#######.
#.###.#...#.###.)...
#######.###.......#
#8...8#.####..###.###.
#..oo.#.##............
#....##..>o@[)#..#####.#...#
....##.o.).#.#.## ##....###
#...##8...8#[#.## #...###
#...########)#).###.#..
......#....[))...#.###
#..##.#.....)..#.).######
#..##.#......[)#........#
#...#.#.....(.[[.###....#
#.#.#.#########[####.>..#


You could see an orc knight and 3 orc warriors.

Vanquished Creatures
  2 two-headed ogres
  A cyclops (D:12)
  A komodo dragon (D:11)
  2 trolls
  3 hippogriffs
  A shadow (D:10)
  A spriggan (D:7)
  6 yaks
  A wyvern (D:9)
  2 hungry ghosts (D:9)
  8 orc warriors
  2 ice beasts
  A black bear (D:4)
  A hornet zombie (D:10)
  2 phantoms
  The ghost of FTLSpaceWarp the Skirmisher, an amateur DsAK of Lugonu (D:3)
  4 ogres
  9 centaurs
  A necrophage (D:9)
  2 big kobolds (D:12)
  3 bullfrogs
  4 gnoll sergeants (D:12)
  A wyvern zombie (D:12)
  A wyvern skeleton (D:6)
  5 scorpions
  3 killer bees (D:7)
  11 wights
  An electric eel (D:7)
  5 howler monkeys (D:11)
  4 crimson imps
  2 jellies (D:3)
  3 orc priests
  7 hounds
  6 orc wizards
  4 bullfrog skeletons
  8 worker ants
  12 gnolls
  13 adders
  2 shadow imps
  11 white imps (D:11)
  6 oozes
  An adder zombie (D:5)
  2 adder skeletons (D:4)
  A dart slug (D:4)
  6 leopard geckos
  33 orcs
  6 bats
  5 giant cockroaches
  14 goblins
  7 hobgoblins
  6 jackals
  24 kobolds
  4 quokkas
  2 ball pythons
  7 frilled lizards
  A quokka skeleton (D:8)
  13 rats
295 creatures vanquished.

Vanquished Creatures (collateral kills)
  Harold (D:11)
  A two-headed ogre (D:12)
  A komodo dragon (D:8)
  The ghost of Osmon the Archer, an amateur CeHu (D:4)
  3 gnoll sergeants
  3 wights
  2 jellies
  An orc wizard (D:8)
  Jessica (D:2)
  Terence (D:3)
  A worker ant zombie (D:8)
  2 gnolls
  An adder (D:3)
  A white imp (D:11)
  5 oozes
  2 orcs (D:4)
  A frilled lizard (D:4)
28 creatures vanquished.

Vanquished Creatures (others)
  A wyvern zombie (D:8)
  A fungus (D:3)
  7 plants (D:8)
  10 toadstools (D:3)
19 creatures vanquished.

Grand Total: 342 creatures vanquished

Notes
Turn   | Place    | Note
-------+----------+-------------------------------------------
     0 | D:1      | Arth the Demonspawn Gladiator began the quest for the Orb.
     0 | D:1      | Reached XP level 1. HP: 16/16 MP: 1/1
    78 | D:1      | Gained mutation: You are partially covered in icy blue scales. (AC +2) [demonic ancestry]
    78 | D:1      | Reached XP level 2. HP: 12/22 MP: 2/2
   198 | D:1      | Reached skill level 3 in Long Blades
   425 | D:1      | Gained mutation: You have a pair of small horns on your head. [demonic ancestry]
   425 | D:1      | Reached XP level 3. HP: 19/27 MP: 3/3
  1059 | D:2      | Found a shadowy altar of Dithmenos.
  1160 | D:2      | Reached skill level 4 in Long Blades
  1160 | D:2      | Gained mutation: A weak demonic guardian rushes to your aid. [demonic ancestry]
  1160 | D:2      | Reached XP level 4. HP: 20/33 MP: 4/4
  1435 | D:2      | Found a sparkling altar of Nemelex Xobeh.
  1437 | D:2      | Found a deep blue altar of Sif Muna.
  1437 | D:2      | Found a stormy altar of Qazlal.
  1441 | D:2      | Found a shimmering altar of Xom.
  1441 | D:2      | Found an ancient bone altar of Kikubaaqudgha.
  1441 | D:2      | Found a sparkling altar of Nemelex Xobeh.
  1654 | D:2      | Noticed Jessica
  1658 | D:2      | Killed Jessica
  1850 | D:2      | Found a faded altar of an unknown god.
  1940 | D:3      | Noticed Terence
  1949 | D:3      | Killed Terence
  1949 | D:3      | Reached skill level 5 in Long Blades
  1949 | D:3      | Reached XP level 5. HP: 38/38 MP: 5/5
  1985 | D:3      | Noticed FTLSpaceWarp's ghost (amateur DsAK)
  1997 | D:3      | Gained mutation: Your mind is acute. (Int +2) [potion of mutation]
  1997 | D:3      | Gained mutation: You are agile. (Dex +2) [potion of mutation]
  2004 | D:3      | Killed FTLSpaceWarp's ghost
  2220 | D:3      | Reached XP level 6. HP: 45/46 MP: 6/6
  2285 | D:3      | Reached skill level 6 in Long Blades
  2853 | D:3      | Found a basalt altar of Yredelemnul.
  2880 | D:3      | Found a glowing golden altar of the Shining One.
  2882 | D:3      | Noticed an angel
  2931 | D:4      | Noticed Osmon's ghost (amateur CeHu)
  2953 | D:4      | Killed Osmon's ghost
  2953 | D:4      | Gained mutation: You are partially covered in sharp spines. [demonic ancestry]
  2953 | D:4      | Reached XP level 7. HP: 24/53 MP: 7/7
  3293 | D:4      | Reached skill level 7 in Long Blades
  3466 | D:4      | Found a blossoming altar of Fedhas.
  3468 | D:4      | Found a stormy altar of Qazlal.
  3605 | D:4      | Reached skill level 5 in Fighting
  3605 | D:4      | Reached XP level 8. HP: 40/62 MP: 8/8
  3794 | D:4      | Found a staircase to the Ecumenical Temple.
  3805 | Temple   | Entered the Ecumenical Temple
  4229 | D:5      | Entered Level 5 of the Dungeon
  4260 | D:5      | Reached skill level 8 in Long Blades
  4540 | D:5      | Found Leptag's Distillery.
  4548 | D:5      | Bought a potion of heal wounds for 65 gold pieces
  4548 | D:5      | Bought a potion of heal wounds for 65 gold pieces
  4621 | D:5      | Found a burning altar of Makhleb.
  5041 | D:6      | Noticed a two-headed ogre
  5064 | D:6      | Reached skill level 1 in Armour
  5073 | D:6      | HP: 3/63 [two-headed ogre/giant club (22)]
  5075 | D:6      | Killed a two-headed ogre
  5075 | D:6      | Reached skill level 9 in Long Blades
  5075 | D:6      | Reached XP level 9. HP: 3/69 MP: 9/9
  5650 | D:6      | Found an ornate altar of the Wu Jian Council.
  7303 | D:8      | Reached skill level 10 in Long Blades
  7627 | D:8      | Found a sparkling altar of Nemelex Xobeh.
  7705 | D:8      | Found a staircase to the Lair.
  8051 | D:8      | Noticed a komodo dragon
  8063 | D:8      | Killed a komodo dragon
  8315 | D:9      | Reached XP level 10. HP: 75/79 MP: 10/10
  8551 | D:8      | Reached skill level 5 in Armour
  8555 | D:9      | Reached skill level 11 in Long Blades
  8661 | D:9      | Found an iron altar of Okawaru.
  8674 | D:9      | Became a worshipper of Warmaster Okawaru
  8688 | D:9      | Noticed a two-headed ogre
  8697 | D:9      | Killed a two-headed ogre
  8807 | D:9      | Reached * piety under Okawaru
  8844 | D:10     | Entered Level 10 of the Dungeon
  9227 | D:10     | Identified a scroll of acquirement
  9697 | D:11     | Reached ** piety under Okawaru
  9862 | D:11     | Noticed Harold
  9883 | D:11     | Killed Harold
  9883 | D:11     | Reached skill level 12 in Long Blades
  9883 | D:11     | Gained mutation: You have a pair of horns on your head. [demonic ancestry]
  9883 | D:11     | Reached XP level 11. HP: 68/86 MP: 11/11
  9897 | D:11     | Found a frozen archway.
 10101 | D:11     | Found a flagged portal.
 10109 | Bailey   | Entered a bailey
 10199 | Bailey   | Reached skill level 1 in Invocations
 10280 | Bailey   | Found a burning altar of Makhleb.
 10431 | D:11     | Reached *** piety under Okawaru
 10756 | D:12     | Found Vian Dut's Armour Shoppe.
 10852 | D:12     | Received a gift from Okawaru
 10914 | D:12     | Found a staircase to the Orcish Mines.
 11081 | D:12     | Noticed a two-headed ogre
 11086 | D:12     | Killed a two-headed ogre
 11277 | Orc:1    | Entered Level 1 of the Orcish Mines
 11277 | Orc:1    | Noticed an orc knight
 11277 | Orc:1    | Noticed an orc warlord
 11340 | Orc:1    | Noticed Fannar
 11347 | D:12     | Mangled by an orc warrior

Skill      XL: |  1  2  3  4  5  6  7  8  9 10 11 |
---------------+----------------------------------+-----
Throwing       | 2 |  2.0
Long Blades    | 3 4 5 6 7 9 10 12 | 12.5
Fighting       | 3 5 6 7 8 9 |  9.4
Armour         | 2 4 6 |  6.8
Invocations    | 4 |  4.9
Dodging        | |  2.8

Action                   |  1- 3 |  4- 6 |  7- 9 | 10-12 || total
-------------------------+-------+-------+-------+-------++-------
Melee: Long sword        |    93 |   163 |   181 |       ||   437
       Headbutt          |     6 |    36 |    66 |    53 ||   161
       Great sword       |       |       |    89 |   231 ||   320
       Trident           |       |       |     1 |       ||     1
 Fire: Shortbow          |       |       |       |   132 ||   132
Throw: Throwing net      |       |     3 |     3 |       ||     6
       Tomahawk          |       |       |       |    19 ||    19
Invok: Heroism           |       |       |       |     3 ||     3
Evoke: Wand              |       |       |     2 |     8 ||    10
  Use: Potion            |       |     5 |     9 |     3 ||    17
       Scroll            |       |     1 |    14 |     3 ||    18
 Stab: Distracted        |       |     1 |     5 |     1 ||     7
  Eat: Chunk             |     1 |     6 |     9 |    11 ||    27
       Ration            |       |       |     2 |     1 ||     3
Armor: Leather armour    |    33 |       |       |       ||    33
       Scale mail        |    25 |    10 |       |       ||    35
       Plate armour      |       |   107 |   230 |   232 ||   569
       Skin              |       |     8 |       |       ||     8
Dodge: Dodged            |    82 |    56 |    96 |   175 ||   409
Block: Other             |       |       |     5 |    30 ||    35
       Reflection        |       |       |     1 |     5 ||     6
       Rpst.: Long sword |    28 |    16 |    14 |       ||    58
       Great sword       |       |       |     9 |    32 ||    41
